 Dungeon Crawl Stone Soup version 0.29.0-4-gdea44cf6ec (webtiles) character file.

Game seed: 13112575398732730715

6 qw the Sneak (level 1, -6/14 HPs)
             Began as a Gargoyle Delver on Sept 10, 2022.
             Killed by divine providence
             ... invoked by an orc priest
              (9 damage)
             ... on level 5 of the Dungeon.
             The game lasted 00:00:02 (50 turns).

qw the Sneak (Gargoyle Delver)                        Turns: 50, Time: 00:00:03

Health: -6/14      AC:  5    Str: 15    XL:     1   Next: 90%
Magic:  1/1        EV: 11    Int: 10    God:
Gold:   0          SH:  0    Dex: 11    Spells: 0/0 levels left

rFire   . . .      SeeInvis .   a - +0 hand axe
rCold   . . .      Faith    .   (no shield)
rNeg    + . .      Spirit   .   b - +0 leather armour
rPois   inf        Reflect  .   (no helmet)
rElec   +          Harm     .   (no cloak)
rCorr   .          Rampage  .   (no gloves)
Will    .....                   (no boots)
Stlth   +++.......              (no amulet)
HPRegen 0.04/turn               (no ring)
MPRegen 0.07/turn               (no ring)

@: no status effects
A: sickness immunity, AC +2, negative energy resistance 1, electricity
resistance, torment resistance 1, petrification resistance
a: no special abilities


You were on level 5 of the Dungeon.
You visited 1 branch of the dungeon, and saw 1 of its levels.


Innate Abilities, Weirdness & Mutations

You are immune to sickness and miasma.
Your stone body is resilient. (AC +2)
You are immune to poison.
You resist negative energy. (rN+)
You are resistant to electric shocks. (rElec)
You are resistant to unholy torment.
You are immune to petrification.


   Skills:
 - Level 3.2 Fighting
 + Level 2.3 Axes
 - Level 1.5 Dodging
 - Level 5.4 Stealth


You couldn't memorise any spells.
You didn't know any spells.
Your spell library was empty.

Inventory:

Hand Weapons
 a - a +0 hand axe (weapon)
Armour
 b - a +0 leather armour (worn)
 i - a +0 ring mail
 j - a +0 pair of gloves
 k - a +0 pair of gloves of hurling
Wands
 g - a wand of digging (3)
Scrolls
 c - a scroll of fog
 d - a scroll of magic mapping
 e - a scroll of fear
Potions
 f - a potion of haste
 h - a potion of brilliance {unknown}

Dungeon Overview and Level Annotations

Branches:
Dungeon (5/15)
 Temple: D:4-7

Altars:


Message History

The orc completely misses you.
41 ||| Stepping ~*~*~tactically~*~*~ (hiding).
42 ||| Stepping ~*~*~tactically~*~*~ (hiding).
The orc attacks as you move away! The orc hits you but does no damage.
You slash the orc!
You kill the orc!
The orc hits you with a +0 dagger.
Things that are here:
a +0 club; an orc corpse You hit the orc.
The orc is severely wounded.
You hit the orc. The orc barely misses you.
The orc hits you but does no damage.
You closely miss the orc.
The orc is severely wounded.
You hit the orc. The orc hits you with a +0 flail.
The orc hits you but does no damage. The orc closely misses you.
The orc priest barely misses you.
You hit the orc.
You kill the orc!
You hit the orc. You hit the orc priest. The orc priest barely misses you.
The orc hits you with a +0 dagger.
You barely miss the orc.
The orc is almost dead.
You closely miss the orc. You hit the orc priest.
The orc completely misses you. The orc priest closely misses you.
The orc hits you but does no damage.
You closely miss the orc.
The orc is almost dead.
You hit the orc. You closely miss the orc priest. The orc barely misses you. x2
The orc priest hits you with a +0 short sword.
You closely miss the orc.
The orc is almost dead.
You barely miss the orc. You hit the orc priest. The orc misses you.
The orc hits you but does no damage.
The orc priest invokes the aid of Beogh against you.
Beogh smites you!
Ouch! That really hurt!
You die...

#.........##....# .#
###.........##....# ..#
............##....####..#
............# ?...#.....#
............# ...#.....#
............# ........#
............# #.......#
....).......#####o......+
....#..###......@o......#
....#..# #......o.......#
##..#..# #...............
#..#..#######......[....
##.....#.......#########.
....#....#######
.####...## ....#...#
###.>.#.#


You could see an orc priest and 2 orcs.

Vanquished Creatures
  3 orcs (D:5)
3 creatures vanquished.

Notes
Turn   | Place    | Note
-------+----------+-------------------------------------------
     0 | D:5      | qw the Gargoyle Delver began the quest for the Orb.
     0 | D:5      | Reached XP level 1. HP: 14/14 MP: 1/1
     0 | D:5      | 0 ||| qw: Version: 0.1-a-116-g5d60599
     0 | D:5      | 0 ||| qw: Game counter: 8817
     0 | D:5      | 0 ||| qw: Always use a shield: true
     0 | D:5      | 0 ||| qw: God list: Okawaru
     0 | D:5      | 0 ||| qw: Allow faded altars: false
     0 | D:5      | 0 ||| qw: Do Orc after D:15 true
     0 | D:5      | 0 ||| qw: Do second Lair branch before Depths: true
     0 | D:5      | 0 ||| qw: Lair rune preference: random
     0 | D:5      | 0 ||| qw: Plans: Normal
     0 | D:5      | 0 ||| PLANNING D:1-11
    39 | D:5      | Noticed an orc priest
    41 | D:5      | 41 ||| Stepping ~*~*~tactically~*~*~ (hiding).
    42 | D:5      | 42 ||| Stepping ~*~*~tactically~*~*~ (hiding).
    49 | D:5      | HP: 3/14 [orc priest/+0 short sword (3)]
    50 | D:5      | Killed from afar by an orc priest

Levels and vault maps discovered:
D:5:      layout_basic, amcnicky_altar_gilded, mainiacjoe_overflow_catwalk,
          old_standard_altar, minmay_temple_entry_proselytizer

Skill      XL: |  1 |
---------------+----+-----
Axes           | 2 |  2.3
Fighting       | |  3.2
Dodging        | |  1.5
Stealth        | |  5.4

Action                   || total
-------------------------++-------
Melee: Hand axe          ||     9
Armor: Leather armour    ||     6
Dodge: Dodged            ||    10

Table legend:
 A = Non-vault XP
 B = Vault XP
 C = Vault XP percentage of total XP
 D = Non-vault monster count
 E = Vault monster count
 F = Vault count percentage of total count
                 A         B        C        D         E       F
            +---------+---------+-------+---------+---------+-------
      Total |       9 |       0 |   0.0 |       3 |       0 |   0.0
            +---------+---------+-------+---------+---------+-------
        D:5 |       9 |       0 |   0.0 |       3 |       0 |   0.0
            +---------+---------+-------+---------+---------+-------
